 Dungeon Crawl Stone Soup version 0.24.1-14-gf8d2b509d9 (console) character file.

Game seed: 14223853395250976132, levelgen mode: deterministic

264 Kagalorn the Covered (level 5, -5/47 HPs)
             Began as a Minotaur Wanderer on Feb 25, 2021.
             Killed by divine providence
             ... invoked by an orc priest
              (11 damage)
             ... on level 3 of the Dungeon.
             The game lasted 00:04:51 (2727 turns).

Kagalorn the Covered (Minotaur Wanderer)            Turns: 2727, Time: 00:04:51

Health: -5/47      AC:  6    Str: 20    XL:     5   Next: 98%
Magic:  4/4        EV: 10    Int: 10    God:
Gold:   65         SH:  0    Dex:  8    Spells: 4/4 levels left

rFire    . . .     SeeInvis .   a - +0 broad axe
rCold    . . .     Gourm    .   (no shield)
rNeg     . . .     Faith    .   d - +0 ring mail
rPois    .         Spirit   .   (helmet restricted)
rElec    .         Reflect  .   (no cloak)
rCorr    .         Harm     .   (no gloves)
MR       .....                  (no boots)
Stlth    ..........             (no amulet)
HPRegen  0.15/turn              m - +2 ring of strength
MPRegen  0.09/turn              (no ring)

@: no status effects
A: retaliatory headbutt, horns 2
a: no special abilities


You were on level 3 of the Dungeon.
You were very hungry.

You visited 1 branch of the dungeon, and saw 3 of its levels.

You collected 65 gold pieces.

Inventory:

Hand Weapons
 a - a +0 broad axe (weapon)
 n - a +0 mace
 o - a +0 hand axe
Armour
 d - a +0 ring mail (worn)
Jewellery
 m - a +2 ring of strength (left hand)
Scrolls
 b - 3 scrolls of teleportation {unknown}
 g - a scroll of fog {unknown}
 i - a scroll of noise {unknown}
 j - a scroll of immolation {unknown}
 k - 3 scrolls of remove curse {unknown}
 l - a scroll of identify {unknown}
 p - a scroll of amnesia {unknown}
Potions
 c - a potion of curing {unknown}
 e - a potion of heal wounds {unknown}
 h - a potion of haste
Comestibles
 f - 6 rations


   Skills:
 + Level 4.5 Fighting
 * Level 2.0(2.6) Axes
 - Level 2.4(2.8) Maces & Flails
 - Level 1.0 Throwing
 + Level 6.0 Armour
   Level 1.2 Shields
   Level 1.3 Conjurations
   Level 1.0 Charms


You had 4 spell levels left.
You didn't know any spells.
Your spell library was empty.

Dungeon Overview and Level Annotations

Branches:
Dungeon (3/15)

Altars:


Innate Abilities, Weirdness & Mutations

You reflexively headbutt those who attack you in melee.
You have a pair of horns on your head.


Message History

You headbutt something. Something hits you but does no damage.
You barely miss something. You headbutt something.
Reactivating autopickup.
Your Axes skill increases to level 2!
You feel a bit more experienced. The orc hits you but does no damage.
You slash the orc!
You kill the orc!
You slash the orc!
You kill the orc!
The orc priest invokes the aid of Beogh against you.
Pain shoots through your body!
* * * LOW HITPOINT WARNING * * *
The orc priest hits you but does no damage.
There is an open door, spattered with blood here.
Items here: ))) [[ †††† You closely miss the orc priest.
The orc priest hits you but does no damage.
The orc priest invokes the aid of Beogh against you.
Beogh smites you!
You die...

######
#########.....#
#.......@o....+
#.#######...^.#
#.# .....# #.#
.....# #.#
.....# #.#
....)# #.#
.....# #.#
.....# #.#


You could see an orc priest.

Vanquished Creatures
  A scorpion (D:2)
  An orc wizard (D:3)
  Natasha (thrice) (D:2)
  5 adders (D:2)
  A worm (D:2)
  6 dart slugs
  3 leopard geckos
  4 orcs
  8 bats
  2 giant cockroaches
  5 goblins
  5 hobgoblins (D:1)
  5 jackals (D:3)
  10 kobolds
  A quokka (D:2)
  A frilled lizard (D:2)
  5 rats
66 creatures vanquished.

Notes
Turn   | Place    | Note
-------+----------+-------------------------------------------
     0 | D:1      | Kagalorn the Minotaur Wanderer began the quest for the Orb.
     0 | D:1      | Kagalorn set off with the following items: a +2 dagger, 3
                  | curare-tipped darts, a +0 mace, a +0 ring mail, a ration
     0 | D:1      | Reached XP level 1. HP: 14/14 MP: 0/0
   180 | D:1      | Reached skill level 1 in Fighting
   185 | D:1      | Reached skill level 4 in Armour
   185 | D:1      | Reached XP level 2. HP: 23/23 MP: 1/1
   534 | D:1      | Reached XP level 3. HP: 5/29 MP: 2/2
  1259 | D:2      | Noticed a scorpion
  1273 | D:2      | Killed a scorpion
  1273 | D:2      | Reached skill level 5 in Armour
  1273 | D:2      | Reached XP level 4. HP: 19/38 MP: 3/3
  1783 | D:2      | Reached XP level 5. HP: 41/46 MP: 4/4
  1987 | D:2      | Noticed Natasha
  1994 | D:2      | Killed Natasha
  2197 | D:2      | Noticed Natasha
  2204 | D:2      | Killed Natasha
  2204 | D:2      | Reached skill level 1 in Axes
  2513 | D:2      | Noticed Natasha
  2525 | D:2      | Killed Natasha
  2650 | D:3      | Reached skill level 6 in Armour
  2727 | D:3      | Killed from afar by an orc priest

Levels and vault maps discovered:
D:1:      dpeg_arrival_water_fire, layout_basic, minmay_misc_feat_encased
D:2:      layout_loops_cross, serial_glass, glass_columns_a, glass_columns_c,
          uniq_natasha
D:3:      layout_basic, yredelemnul_altar_generic

Skill      XL: |  1  2  3  4  5 |
---------------+----------------+-----
Fighting       | 1 2 3 4 |  4.5
Armour         | 4 5 6 |  6.0
Axes           | 2 |  2.0
Maces & Flails | |  2.4
Throwing       | |  1.0
Shields        | |  1.2
Conjurations   | |  1.3
Charms         | |  1.0

Action                   |  1- 3 |  4- 6 || total
-------------------------+-------+-------++-------
Melee: Mace              |    88 |    57 ||   145
       Headbutt          |     9 |    11 ||    20
       Broad axe         |       |    46 ||    46
  Eat: Chunk             |     1 |     4 ||     5
Armor: Ring mail         |    49 |    55 ||   104
Dodge: Dodged            |    64 |    55 ||   119
